cohdb
Replays
Latest Replays
All Replays
Popular Replays
Top Player Replays
Match Explorer
How It Works
Community
CoH3 Stats
Reddit
Sign in to upload your games and track your stats! →
Sign in with Steam
Match 44194013
Unlisted
Match 44194013
Overview
Messages
Build Orders
End
Selects Italian Combined Arms Battlegroup
Selects Bersaglieri Squad
Bersaglieri Squad
Kradschützen Motorcycle Team
Panzerpioneer Squad
Bersaglieri Squad
Bersaglieri Squad
Construct Light Support Kompanie
Fire Support Elements
Selects Bersaglieri Bolster
Panzerjäger Mechanized Group
Selects Breda Model 30 Light Machine Guns
Flakvierling Half-track
Vehicle Survival Package
Combat Half-tracks
Pak 38 Mechanized Group
Veteran Squad Leaders
Construct Panzerarmee Kommand
Selects Semovente da 75/18 Assault Gun
Selects Strafing Run
Panzer III L Medium Tank
Emergency Repair Kits
Panzer III L Medium Tank
Tungsten Core Ammunition
Rapid Advance
Panzer III L Medium Tank
Selects Artillery Cover
Panzer III L Medium Tank
Bersaglieri Squad
Artillery Cover
Bersaglieri Squad
Panzer III L Medium Tank
Bersaglieri Squad
Panzer III L Medium Tank
Symbiosis
CAuMOH
Nedish
Bego
0
0
Comments
sign in to comment!
No comments posted yet!